TOP OF THE 1ST |
Trenton Stars batting - Pitching for Richmond Flairs : LHP Thomas Heath
|
Pitching: LHP Thomas Heath
|
|
Batting: RHB Kenji Murayama
|
0-0: Foul Ball, location: 2F 0-1: Foul Ball, location: 2F 0-2: Ball 1-2: Ball 2-2: Ball 3-2: Strikes out swinging
|
Batting: LHB Alberto Gómez
|
0-0: SINGLE (Groundball, 13) (infield hit)
|
Batting: LHB Alonzo Medine
|
0-0: Foul Ball, location: 2F 0-1: Foul Ball, location: 2F 0-2: Foul Ball, location: 2F 0-2: Ball 1-2: SINGLE (Line Drive, 78M) Alberto Gómez to second
|
Batting: SHB Rafael Villa
|
0-0: Called Strike 0-1: DOUBLE (Flyball, 7LD) Alberto Gómez scores Alonzo Medine to third
|
Batting: LHB Felipe Guerrero
|
0-0: Ball 1-0: DOUBLE (Flyball, 78XD) Alonzo Medine scores Rafael Villa scores
|
Batting: RHB Jesús Dávila
|
0-0: Ball 1-0: Ground out 6-3 (Groundball, 56)
|
Batting: RHB Joe Fisher
|
0-0: Called Strike 0-1: Ball 1-1: Ball 2-1: Foul Ball, location: 2F 2-2: Ball 3-2: Foul Ball, location: 2F 3-2: Foul Ball, location: 2F 3-2: Foul Ball, location: 2F 3-2: Base on Balls
|
Batting: LHB Ju-wei Shiu
|
0-0: Ball 1-0: Swinging Strike 1-1: Fly out, F9 (Line Drive, 89S)
|
Top of the 1st over - 3 run(s), 4 hit(s), 0 error(s), 2 left on base; Trenton 3 - Richmond 0 |
BOTTOM OF THE 1ST |
Richmond Flairs batting - Pitching for Trenton Stars : RHP Juan Aguilar
|
Pitching: RHP Juan Aguilar
|
|
Batting: RHB Alberto Hernández
|
0-0: SINGLE (Groundball, 4M)
|
Batting: LHB Sean Nicks
|
0-0: Ball 1-0: Ball 2-0: Foul Ball, location: 2F 2-1: Ground out 4-3 (Groundball, 4M) Alberto Hernández to second
|
Batting: RHB Elliott Johnston
|
0-0: Ball 1-0: Ground out U3 (Groundball, 3) Alberto Hernández to third
|
Batting: LHB Frank Geddes
|
0-0: Ball 1-0: SINGLE (Flyball, 7LS) Alberto Hernández scores
|
Batting: RHB R.J. Crosby
|
0-0: Fly out, F9 (Flyball, 9M)
|
Bottom of the 1st over - 1 run(s), 2 hit(s), 0 error(s), 1 left on base; Trenton 3 - Richmond 1 |
TOP OF THE 2ND |
Trenton Stars batting - Pitching for Richmond Flairs : LHP Thomas Heath
|
Batting: RHB Chris Cole
|
0-0: Ball 1-0: Foul Ball, location: 2F 1-1: Ball 2-1: Ball 3-1: Base on Balls
|
Batting: RHB Kenji Murayama
|
0-0: Foul Ball, location: 2F 0-1: Called Strike 0-2: Ball 1-2: Ball 2-2: Foul Ball, location: 2F 2-2: Strikes out swinging
|
Batting: LHB Alberto Gómez
|
0-0: Ball 1-0: Called Strike 1-1: Called Strike 1-2: Ball 2-2: Foul Ball, location: 2F 2-2: Strikes out swinging
|
Batting: LHB Alonzo Medine
|
0-0: Swinging Strike 0-1: Called Strike 0-2: Fly out, F7 (Line Drive, 7M)
|
Top of the 2nd over - 0 run(s), 0 hit(s), 0 error(s), 1 left on base; Trenton 3 - Richmond 1 |
BOTTOM OF THE 2ND |
Richmond Flairs batting - Pitching for Trenton Stars : RHP Juan Aguilar
|
Batting: LHB Luis Villa
|
0-0: Swinging Strike 0-1: Ball 1-1: Bunt for hit - play at first, batter OUT! 1-3
|
Batting: RHB Jack Ray
|
0-0: Called Strike 0-1: Foul Ball, location: 2F 0-2: Ball 1-2: Ball 2-2: Ball 3-2: SINGLE (Groundball, 4MD)
|
Batting: RHB Tom Carey
|
0-0: Ball 1-0: Fly out, F8 (Flyball, 8RM)
|
Batting: SHB Carlos Reyes
|
0-0: Called Strike 0-1: Ground out 4-3 (Groundball, 34)
|
Bottom of the 2nd over - 0 run(s), 1 hit(s), 0 error(s), 1 left on base; Trenton 3 - Richmond 1 |
TOP OF THE 3RD |
Trenton Stars batting - Pitching for Richmond Flairs : LHP Thomas Heath
|
Batting: SHB Rafael Villa
|
0-0: Called Strike 0-1: Ball 1-1: Ball 2-1: Foul Ball, location: 2F 2-2: Ball 3-2: Ground out 4-3 (Groundball, 4M)
|
Batting: LHB Felipe Guerrero
|
0-0: Swinging Strike 0-1: Ground out U3 (Groundball, 3)
|
Batting: RHB Jesús Dávila
|
0-0: Called Strike 0-1: Ball 1-1: Fly out, F8 (Flyball, 8LXD)
|
Top of the 3rd over - 0 run(s), 0 hit(s), 0 error(s), 0 left on base; Trenton 3 - Richmond 1 |
BOTTOM OF THE 3RD |
Richmond Flairs batting - Pitching for Trenton Stars : RHP Juan Aguilar
|
Batting: RHB Alberto Hernández
|
0-0: Foul Ball, location: 2F 0-1: Ball 1-1: Foul Ball, location: 2F 1-2: Ball 2-2: Strikes out swinging
|
Batting: LHB Sean Nicks
|
0-0: Ball 1-0: Ball 2-0: Fly out, F8 (Line Drive, 8RD)
|
Batting: RHB Elliott Johnston
|
0-0: Ball 1-0: Ball 2-0: Ball 3-0: Called Strike 3-1: Called Strike 3-2: Foul Ball, location: 2F 3-2: Strikes out swinging
|
Bottom of the 3rd over - 0 run(s), 0 hit(s), 0 error(s), 0 left on base; Trenton 3 - Richmond 1 |
TOP OF THE 4TH |
Trenton Stars batting - Pitching for Richmond Flairs : LHP Thomas Heath
|
Batting: RHB Joe Fisher
|
0-0: Called Strike 0-1: Foul Ball, location: 2F 0-2: SINGLE (Groundball, 34)
|
Batting: LHB Ju-wei Shiu
|
0-0: Called Strike 0-1: Ball 1-1: Ball 2-1: Ball 3-1: Fly out, F6 (Popup, 6D)
|
Batting: RHB Chris Cole
|
0-0: Ball 1-0: Called Strike 1-1: Fly out, F7 (Flyball, 78M)
|
Batting: RHB Kenji Murayama
|
0-0: Ground out 6-3 (Groundball, 56)
|
Top of the 4th over - 0 run(s), 1 hit(s), 0 error(s), 1 left on base; Trenton 3 - Richmond 1 |
BOTTOM OF THE 4TH |
Richmond Flairs batting - Pitching for Trenton Stars : RHP Juan Aguilar
|
Batting: LHB Frank Geddes
|
0-0: Called Strike 0-1: Foul Ball, location: 2F 0-2: Strikes out swinging
|
Batting: RHB R.J. Crosby
|
0-0: Ball 1-0: Called Strike 1-1: Ball 2-1: Ground out 4-3 (Groundball, 4M)
|
Batting: LHB Luis Villa
|
0-0: Foul Ball, location: 2F 0-1: Swinging Strike 0-2: Ball 1-2: Foul Ball, location: 2F 1-2: SINGLE (Line Drive, 6MD)
|
Batting: RHB Jack Ray
|
0-0: Ball 1-0: Called Strike 1-1: Ball 2-1: Foul Ball, location: 2F 2-2: Ground out 5-3 (Groundball, 56S)
|
Bottom of the 4th over - 0 run(s), 1 hit(s), 0 error(s), 1 left on base; Trenton 3 - Richmond 1 |
TOP OF THE 5TH |
Trenton Stars batting - Pitching for Richmond Flairs : LHP Thomas Heath
|
Batting: LHB Alberto Gómez
|
0-0: Ground out U3 (Groundball, 3)
|
Batting: LHB Alonzo Medine
|
0-0: Called Strike 0-1: Swinging Strike 0-2: Ground out 1-3 (Groundball, 13S)
|
Batting: SHB Rafael Villa
|
0-0: Swinging Strike 0-1: Foul Ball, location: 2F 0-2: Strikes out swinging
|
Top of the 5th over - 0 run(s), 0 hit(s), 0 error(s), 0 left on base; Trenton 3 - Richmond 1 |
BOTTOM OF THE 5TH |
Richmond Flairs batting - Pitching for Trenton Stars : RHP Juan Aguilar
|
Batting: RHB Tom Carey
|
0-0: Called Strike 0-1: Swinging Strike 0-2: Ball 1-2: Foul Ball, location: 2F 1-2: Fly out, F8 (Flyball, 89M)
|
Batting: SHB Carlos Reyes
|
0-0: Ball 1-0: Swinging Strike 1-1: Foul Ball, location: 2F 1-2: Foul Ball, location: 2F 1-2: Ball 2-2: SINGLE (Line Drive, 34D)
|
Batting: RHB Alberto Hernández
|
0-0: Called Strike 0-1: Ball 1-1: Fly out, F5 (Line Drive, 5)
|
Batting: LHB Sean Nicks
|
0-0: DOUBLE (Line Drive, 34D) Carlos Reyes to third Runner from 3rd tries for Home, SAFE, no throw or cutoff
|
Batting: RHB Elliott Johnston
|
0-0: Foul Ball, location: 2F 0-1: Ground out 6-3 (Groundball, 6M)
|
Bottom of the 5th over - 1 run(s), 2 hit(s), 0 error(s), 1 left on base; Trenton 3 - Richmond 2 |
TOP OF THE 6TH |
Trenton Stars batting - Pitching for Richmond Flairs : LHP Thomas Heath
|
Batting: LHB Felipe Guerrero
|
0-0: Called Strike 0-1: Ball 1-1: TRIPLE (Flyball, 8RXD)
|
Batting: RHB Jesús Dávila
|
0-0: Intentional Walk
|
Batting: RHB Joe Fisher
|
0-0: Foul Ball, location: 2F 0-1: Ball 1-1: Foul Ball, location: 2F 1-2: SINGLE (Flyball, 7S) Felipe Guerrero scores Jesús Dávila to second
|
Batting: LHB Ju-wei Shiu
|
0-0: Ball 1-0: SINGLE (Line Drive, 6) Jesús Dávila to third Joe Fisher to second
|
Batting: RHB Chris Cole
|
0-0: Ball 1-0: Foul Ball, location: 2F 1-1: Foul Ball, location: 2F 1-2: SINGLE (Line Drive, 6D) Jesús Dávila scores Joe Fisher to third Ju-wei Shiu to second
|
Pitching: RHP Jack Walker
|
|
Batting: RHB Kenji Murayama
|
0-0: Ball 1-0: Foul Ball, location: 2F 1-1: Foul Ball, location: 2F 1-2: SINGLE (Groundball, 6D) Joe Fisher scores Ju-wei Shiu to third Chris Cole to second Runner from 3rd tries for Home, SAFE, throw made home Chris Cole to third Kenji Murayama to second
|
Batting: LHB Alberto Gómez
|
0-0: Ball 1-0: Ball 2-0: Called Strike 2-1: Ball 3-1: Fly out, F5 (Popup, 5S)
|
Batting: LHB Alonzo Medine
|
0-0: Ball 1-0: Ball 2-0: Called Strike 2-1: Foul Ball, location: 2F 2-2: Ball 3-2: Strikes out swinging
|
Batting: SHB Rafael Villa
|
0-0: Ball 1-0: Ball 2-0: Called Strike 2-1: Foul Ball, location: 2F 2-2: Foul Ball, location: 2F 2-2: Strikes out swinging
|
Top of the 6th over - 4 run(s), 5 hit(s), 0 error(s), 2 left on base; Trenton 7 - Richmond 2 |
BOTTOM OF THE 6TH |
Richmond Flairs batting - Pitching for Trenton Stars : RHP Juan Aguilar
|
Batting: LHB Frank Geddes
|
0-0: SINGLE (Line Drive, 8LS)
|
Batting: RHB R.J. Crosby
|
0-0: Foul Ball, location: 2F 0-1: Ball 1-1: Ball 2-1: Called Strike 2-2: Fly out, F8 (Flyball, 8RXD)
|
Batting: LHB Luis Villa
|
0-0: Foul Ball, location: 2F 0-1: Ball 1-1: Ball 2-1: Called Strike Frank Geddes steals 2nd base 2-2: Ball 3-2: Base on Balls
|
Batting: RHB Jack Ray
|
0-0: Ball 1-0: Ball 2-0: Ball 3-0: Base on Balls Frank Geddes to third Luis Villa to second
|
Batting: RHB Tom Carey
|
0-0: Ball 1-0: Grounds into fielders choice 1-2 (Groundball, 13S) Luis Villa to third Jack Ray to second
|
Batting: SHB Carlos Reyes
|
0-0: Called Strike 0-1: Ball 1-1: Ball 2-1: Ball 3-1: Base on Balls Luis Villa scores Jack Ray to third Tom Carey to second
|
Pitching: RHP Gilberto Martínez
|
|
Batting: RHB Alberto Hernández
|
0-0: Foul Ball, location: 2F 0-1: Ball 1-1: Fly out, F3 (Popup, 34S)
|
Bottom of the 6th over - 1 run(s), 1 hit(s), 0 error(s), 3 left on base; Trenton 7 - Richmond 3 |
TOP OF THE 7TH |
Trenton Stars batting - Pitching for Richmond Flairs : RHP Jack Walker
|
Batting: LHB Felipe Guerrero
|
0-0: Swinging Strike 0-1: Ball 1-1: Called Strike 1-2: Ball 2-2: Strikes out swinging
|
Batting: RHB Jesús Dávila
|
0-0: Ball 1-0: Called Strike 1-1: Foul Ball, location: 2F 1-2: SINGLE (Flyball, 78S)
|
Batting: RHB Joe Fisher
|
0-0: Ball 1-0: Swinging Strike 1-1: Foul Ball, location: 2F 1-2: Strikes out swinging
|
Batting: LHB Ju-wei Shiu
|
0-0: Ball 1-0: Ground out 4-3 (Groundball, 6M)
|
Top of the 7th over - 0 run(s), 1 hit(s), 0 error(s), 1 left on base; Trenton 7 - Richmond 3 |
BOTTOM OF THE 7TH |
Richmond Flairs batting - Pitching for Trenton Stars : RHP Gilberto Martínez
|
Batting: LHB Sean Nicks
|
0-0: Ball 1-0: Called Strike 1-1: Ball 2-1: Ball 3-1: Base on Balls
|
Batting: RHB Elliott Johnston
|
0-0: Called Strike 0-1: Ball 1-1: Ball 2-1: 2-RUN HOME RUN (Flyball, 78XD), Distance : 388 ft
|
Batting: LHB Frank Geddes
|
0-0: Ball 1-0: Swinging Strike 1-1: Ball 2-1: Ball 3-1: Base on Balls
|
Batting: RHB R.J. Crosby
|
0-0: Ball 1-0: Called Strike 1-1: Foul Ball, location: 2F 1-2: Foul Ball, location: 2F 1-2: Ball 2-2: Fly out, F7 (Flyball, 7D) Runner from 1st tags up, OUT at 2nd
|
Batting: LHB Luis Villa
|
0-0: Ball 1-0: Swinging Strike 1-1: Called Strike 1-2: SINGLE (Groundball, 5D)
|
Pitching: LHP Michael Puckett
|
|
Batting: RHB Jack Ray
|
0-0: Ball 1-0: Fly out, F4 (Popup, 4)
|
Bottom of the 7th over - 2 run(s), 2 hit(s), 0 error(s), 1 left on base; Trenton 7 - Richmond 5 |
TOP OF THE 8TH |
Trenton Stars batting - Pitching for Richmond Flairs : RHP Jack Walker
|
Pitching: RHP Hyeong-uk Yi
|
|
Batting: RHB Chris Cole
|
0-0: Called Strike 0-1: Ball 1-1: Foul Ball, location: 2F 1-2: Ball 2-2: Strikes out looking
|
Batting: RHB Kenji Murayama
|
0-0: Ball 1-0: Foul Ball, location: 2F 1-1: Ball 2-1: Ground out 5-3 (Groundball, 56S)
|
Batting: LHB Alberto Gómez
|
0-0: Ball 1-0: SINGLE (Line Drive, 6MD)
|
Pitching: LHP Enrico Lozano
|
|
Batting: LHB Alonzo Medine
|
0-0: Ball 1-0: Called Strike 1-1: Swinging Strike 1-2: Ball 2-2: Ground out 3-1 (Groundball, 3L)
|
Top of the 8th over - 0 run(s), 1 hit(s), 0 error(s), 1 left on base; Trenton 7 - Richmond 5 |
BOTTOM OF THE 8TH |
Richmond Flairs batting - Pitching for Trenton Stars : LHP Michael Puckett
|
Batting: RHB Tom Carey
|
0-0: Called Strike 0-1: Ground out 1-3 (Groundball, 15)
|
Batting: SHB Carlos Reyes
|
0-0: Ball 1-0: Swinging Strike 1-1: Ground out 3-1 (Groundball, 34S)
|
Batting: RHB Alberto Hernández
|
0-0: Swinging Strike 0-1: Swinging Strike 0-2: Ball 1-2: Foul Ball, location: 2F 1-2: Fly out, F8 (Line Drive, 8LM)
|
Bottom of the 8th over - 0 run(s), 0 hit(s), 0 error(s), 0 left on base; Trenton 7 - Richmond 5 |
TOP OF THE 9TH |
Trenton Stars batting - Pitching for Richmond Flairs : LHP Enrico Lozano
|
Batting: SHB Rafael Villa
|
0-0: Fly out, F9 (Popup, 4D)
|
Batting: LHB Felipe Guerrero
|
0-0: Foul Ball, location: 2F 0-1: Ball 1-1: Ground out 3-1 (Groundball, 3)
|
Batting: RHB Jesús Dávila
|
0-0: Ball 1-0: Ball 2-0: Ground out 4-3 (Groundball, 4)
|
Top of the 9th over - 0 run(s), 0 hit(s), 0 error(s), 0 left on base; Trenton 7 - Richmond 5 |
BOTTOM OF THE 9TH |
Richmond Flairs batting - Pitching for Trenton Stars : LHP Michael Puckett
|
Batting: LHB Sean Nicks
|
0-0: Swinging Strike 0-1: Ball 1-1: Ball 2-1: Swinging Strike 2-2: SINGLE (Groundball, 4MD)
|
Batting: RHB Elliott Johnston
|
0-0: Called Strike 0-1: Swinging Strike 0-2: Foul Ball, location: 2F 0-2: Strikes out looking
|
Pinch Hitting: RHB Max Jones
|
0-0: Called Strike 0-1: DOUBLE (Line Drive, 5D) Sean Nicks to third Runner from 3rd tries for Home, SAFE, throw made at trailing runner, SAFE at third!
|
Batting: RHB R.J. Crosby
|
0-0: Called Strike 0-1: Ball 1-1: Foul Ball, location: 2F 1-2: Ball 2-2: Ball 3-2: Base on Balls
|
Pinch Hitting: SHB Adrián Miranda
|
0-0: Squeeze Bunt - play home, runner scores, batter safe! Max Jones scores R.J. Crosby to second
|
Batting: RHB Jack Ray
|
0-0: Called Strike 0-1: Ball 1-1: Foul Ball, location: 2F 1-2: SINGLE (Groundball, 6MD) R.J. Crosby to third Adrián Miranda to second Runner from 3rd tries for Home, SAFE, throw made home
|
Monday, December 5th, 2016 - OOTP Baseball 17.12 Build 75
|
|